 Dungeon Crawl Stone Soup version 0.21-a0-552-g593960d (webtiles) character file.

12 Klosterheim the Magician (level 2, -3/22 HPs)
             Began as a Naga Wizard on Dec 17, 2017.
             Slain by a hobgoblin
             ... wielding a cursed -1 club
              (5 damage)
             ... on level 1 of the Dungeon.
             The game lasted 00:01:34 (468 turns).

Klosterheim the Magician (Naga Wizard)               Turns: 468, Time: 00:01:35

Health: -3/22      AC:  1    Str:  9    XL:     2   Next: 33%
Magic:  0/6        EV: 10    Int: 18    God:
Gold:   16         SH:  0    Dex:  9    Spells: 4/7 levels left

rFire    . . .     SeeInvis +   f - -1 dagger (curse)
rCold    . . .     Gourm    .   (no shield)
rNeg     . . .     Faith    .   a - +0 robe
rPois    +         Spirit   .   b - +0 hat
rElec    .         Reflect  .   (no cloak)
rCorr    .         Harm     .   (no gloves)
MR       .....                  (no barding)
Stlth    ++........             (no amulet)
HPRegen  0.07/turn              (no ring)
MPRegen  0.10/turn              (no ring)

@: very slightly contaminated, very slow
A: large, see invisible, deformed body, poison resistance, slowness 2, slow
metabolism 1, spit poison 1, AC +0
a: Spit Poison


You were on level 1 of the Dungeon.
You were not hungry.

You visited 1 branch of the dungeon, and saw 1 of its levels.

You collected 16 gold pieces.

Inventory:

Hand Weapons
 f - a cursed -1 dagger (weapon)
Armour
 a - a +0 robe (worn)
 b - a +0 hat (worn)
Books
 c - a book of Minor Magic

   Spells                             Type                      Level
   a - Magic Dart                     Conjuration                  1
   b - Blink                          Translocation                2
   c - Call Imp                       Summoning                    2
   d - Slow                           Hexes                        2
   e - Conjure Flame                  Conjuration/Fire             3
   f - Mephitic Cloud                 Conjuration/Poison/Air       3
Comestibles
 d - a bread ration
 g - 2 chunks of flesh


   Skills:
 - Level 1.5 Dodging
 + Level 3.0 Stealth
 + Level 3.2 Spellcasting
 * Level 1.9 Conjurations
   Level 1.0 Summonings
 - Level 1.0 Translocations


You had 4 spell levels left.
You knew the following spells:

 Your Spells              Type           Power        Failure   Level  Hunger
a - Magic Dart            Conj           #...         7%          1    None
b - Blink                 Tloc           N/A          16%         2    ##.....


Dungeon Overview and Level Annotations

Branches:
Dungeon (1/15)

Altars:


Innate Abilities, Weirdness & Mutations

You cannot wear boots.
Your serpentine skin is tough. (AC +0)
You have supernaturally acute eyesight. (SInv)
Armour fits poorly on your strangely shaped body.
Your system is resistant to poisons. (rPois)
You cover ground very slowly.
You have a slow metabolism.
You can spit poison.


Message History

Aim: a kobold, wielding a dagger (severely wounded)
The magic dart hits the kobold.
You kill the kobold!
You aren't carrying any potions.
Okay, then.
Casting: Magic Dart
Confirm with . or Enter, or press ? or * to list all spells.
You don't have enough magic to cast that spell.
Casting: Magic Dart
Confirm with . or Enter, or press ? or * to list all spells.
Aiming: Magic Dart
Press: ? - help, Shift-Dir - straight line, f - hobgoblin
Aim: a hobgoblin, wielding a club (moderately wounded)
The magic dart hits the hobgoblin.
The hobgoblin is heavily wounded.
The hobgoblin completely misses you.
You hit the hobgoblin but do no damage.
The hobgoblin is heavily wounded.
The hobgoblin hits you with a club.
You die...

## ... .. ####.♣ ♣P
####....♣ . . ♣.@g...♣
♣.PP. ♣.####.♣ P.P.
♣..># %. ## ♣.PP♣.#.#
♣P. . ♣P.♣♣P.♣♣#.# P. #
#♣PP♣♣.♣...#'##+#♣
######.♣♣♣÷.♣♣♣.......♣
..............♣♣......#
♣.♣♣.#................#


You could see a hobgoblin.

Vanquished Creatures
  A dart slug (D:1)
  A giant cockroach (D:1)
  A goblin (D:1)
  A hobgoblin (D:1)
  3 kobolds (D:1)
  A frilled lizard (D:1)
  2 rats (D:1)
10 creatures vanquished.

Notes
Turn   | Place    | Note
-------+----------+-------------------------------------------
     0 | D:1      | Klosterheim the Naga Wizard began the quest for the Orb.
     0 | D:1      | Reached XP level 1. HP: 15/15 MP: 4/4
   264 | D:1      | Reached XP level 2. HP: 22/22 MP: 1/6
   315 | D:1      | Learned a level 2 spell: Blink
   468 | D:1      | Slain by a hobgoblin

Vault maps used:
D:1:      lemuel_arrival_hallway, serial_forest, infiniplex_forest_lined_4_way,
          infiniplex_forest_straight_5, infiniplex_forest_join,
          infiniplex_forest_clump_small, infiniplex_forest_lined_ring,
          infiniplex_forest_fountain, infiniplex_forest_straight_4

Action                   || total
-------------------------++-------
Melee: Unarmed           ||    11
       Dagger            ||    17
 Cast: Magic Dart        ||    29
  Use: Scroll            ||     1
Armor: Robe              ||     1
Dodge: Dodged            ||    15

Table legend:
 A = Spawn XP
 B = Non-spawn XP
 C = Spawn XP percentage of total XP
 D = Spawn monster count
 E = Non-spawn monster count
 F = Spawn count percentage of total count
 G = Total turns spent on level
                    A         B        C        D         E        F      G
               +---------+---------+-------+---------+---------+-------+---------
         Total |       0 |      18 |   0.0 |       0 |      10 |   0.0 |   468
               +---------+---------+-------+---------+---------+-------+---------
           D:1 |       0 |      18 |   0.0 |       0 |      10 |   0.0 |   468
               +---------+---------+-------+---------+---------+-------+---------
